 Dungeon Crawl Stone Soup version 0.27.1-34-g3ba077fa99 (webtiles) character file.

Game seed: 7791393156936041033

87 Delamore the Sneak (level 4, -2/29 HPs)
             Began as an Octopode Brigand on Jan 30, 2022.
             Succumbed to an orc's poison
             ... on level 3 of the Dungeon.
             The game lasted 00:01:40 (1948 turns).

Delamore the Sneak (Octopode Brigand)               Turns: 1948, Time: 00:01:41

Health: -2/29      AC:  1    Str:  7 (10) XL:     4   Next: 51%
Magic:  4/4        EV: 12    Int: 12 (13) God:
Gold:   86         SH:  0    Dex: 12 (14) Spells: 3/3 levels left

rFire    . . .     SeeInvis +   a - +2 dagger
rCold    . . .     Faith    .   (no shield)
rNeg     . . .     Spirit   .   (helmet restricted)
rPois    .         Reflect  .   (no amulet)
rElec    .         Harm     .   d - ring of see invisible
rCorr    .         Rampage  .   (no ring)
Will     .....                  (no ring)
Stlth    ++++......             (no ring)
HPRegen  0.09/turn              (no ring)
MPRegen  0.09/turn              (no ring)
                                (no ring)
                                (no ring)

@: lethally poisoned (-2 -> -15)
A: almost no armour, amphibious, 8 rings, camouflage 1, gelatinous body 1,
(nimble swimmer 1), tentacles
a: no special abilities


You were on level 3 of the Dungeon.
You visited 1 branch of the dungeon, and saw 3 of its levels.

You collected 86 gold pieces.

Inventory:

Hand Weapons
 a - a +2 dagger (weapon)
Missiles
 b - 8 poisoned darts (quivered)
 c - 9 curare-tipped darts
Jewellery
 d - a ring of see invisible (left tentacle)
Scrolls
 j - a scroll of identify {unknown}
Potions
 f - a potion of heal wounds {unknown}
 g - a potion of degeneration
 i - a potion of magic {unknown}


   Skills:
 - Level 2.0 Fighting
 + Level 3.0 Short Blades
 - Level 2.0 Throwing
 - Level 1.0 Dodging
 * Level 7.3 Stealth


You had 3 spell levels left.
You didn't know any spells.
Your spell library was empty.

Dungeon Overview and Level Annotations

Branches:
Dungeon (3/15)

Altars:
Cheibriados
Dithmenos
Xom
The Shining One


Innate Abilities, Weirdness & Mutations

You cannot wear most types of armour.
You are amphibious.
You can wear up to eight rings at the same time.
Your skin changes colour to match your surroundings (Stealth+).
Your rubbery body absorbs attacks. (AC +1, EV +1)
((You are camouflaged near water. (Stealth+)))
You have tentacles for arms and can constrict up to eight enemies at once.


Message History

No target in view!
No target in view!
No target in view!
No target in view!
No target in view!
You now have 86 gold pieces (gained 7).
You open the door. 2 orcs come into view.
An orc is wielding a +3 trident of venom.
There are monsters nearby!
There are monsters nearby!
Found 15 gold pieces.
There is an open door here.
An orc comes into view. It is wielding a +0 mace.
The orc shouts! x2; You hear a shout!
The orc completely misses you.
The orc moves out of view.
The orc shouts!
A kobold comes into view. It is wielding a +0 club.
The orc barely misses you.
You hit the orc but do no damage. You grab the orc.
You constrict the orc, but do no damage.
The orc hits you with a +0 dagger. The orc closely misses you.
You hit the orc but do no damage.
You constrict the orc, but do no damage.
You hit the orc.
The orc is heavily wounded.
You constrict the orc. The orc hits you with a +0 dagger.
The orc hits you with a +3 trident of venom.
You are poisoned.
You release your grip on the orc.
You feel very sick.
The orc hits you from afar with a +3 trident of venom!
You are more poisoned.
* * * LOW HITPOINT WARNING * * *
You feel very sick.
There is an open door here.
* * * LOW HITPOINT WARNING * * *
You feel very sick.
It was a potion of cancellation.
You feel magically purged.
You die...

#.###.._....##.#.##
...._8_.........## #######
#.._.)..##)#..## .......
#.....# #.#..## .......
#.#(.## #.#..## .......
#...######.#..## .......
###......)...#..##
......K###..)...#######..##
......oo.'@.....'.........+
......o###......###### #
..$.... #......# # .......
#......# ######+###......#
...........## ............#
......†.....# ............#


You could see 3 orcs and a kobold.

Vanquished Creatures
  4 adders
  A dart slug (D:2)
  9 bats
  4 endoplasms
  6 goblins
  4 hobgoblins
  A kobold (D:3)
  4 quokkas (D:1)
  8 ball pythons
  3 frilled lizards
  2 rats (D:1)
46 creatures vanquished.

Vanquished Creatures (others)
  2 plants (D:2)
2 creatures vanquished.

Grand Total: 48 creatures vanquished

Notes
Turn   | Place    | Note
-------+----------+-------------------------------------------
     0 | D:1      | Delamore the Octopode Brigand began the quest for the Orb.
     0 | D:1      | Reached XP level 1. HP: 14/14 MP: 1/1
   184 | D:1      | Reached XP level 2. HP: 19/19 MP: 2/2
   382 | D:1      | Reached skill level 6 in Stealth
   756 | D:1      | Found a faded altar of an unknown god.
  1012 | D:2      | Reached XP level 3. HP: 24/24 MP: 3/3
  1298 | D:2      | Found a shimmering altar of Xom.
  1402 | D:2      | Reached XP level 4. HP: 11/29 MP: 4/4
  1405 | D:2      | Reached skill level 7 in Stealth
  1840 | D:3      | Found a shimmering altar of Xom.
  1841 | D:3      | Found a shadowy altar of Dithmenos.
  1887 | D:3      | Found a snail-covered altar of Cheibriados.
  1887 | D:3      | Found a glowing golden altar of the Shining One.
  1947 | D:3      | HP: 1/29 [poisoned by an orc]
  1948 | D:3      | Succumbed to an orc's poison

Illustrated notes

Levels and vault maps discovered:
D:1:      dpeg_arrival_central, layout_loops_ring,
          shapermc_ecumenical_altar_petra
D:2:      layout_rooms, basic_altar, serial_forest, infiniplex_forest_corner_1,
          infiniplex_forest_clump_small, infiniplex_forest_clump_tiny,
          infiniplex_forest_zigzag_1, infiniplex_forest_corner_2,
          infiniplex_forest_lined_3, hangedman_abyss_or_decor_lesser_grid
D:3:      layout_basic, chequers_temple_overflow_statue_of_worship

Skill      XL: |  1  2  3  4 |
---------------+-------------+-----
Stealth        | 6 7 |  7.3
Short Blades   | 3 |  3.0
Fighting       | |  2.0
Throwing       | |  2.0
Dodging        | |  1.0

Action                   |  1- 3 |  4- 6 || total
-------------------------+-------+-------++-------
Melee: Dagger            |    60 |    21 ||    81
       Constrict         |    11 |     5 ||    16
       Tentacles         |     5 |     4 ||     9
  Use: Potion            |       |     3 ||     3
       Scroll            |       |     1 ||     1
 Stab: Sleeping          |    18 |     3 ||    21
       Distracted        |     1 |       ||     1
Armor: Skin              |     6 |     5 ||    11
Dodge: Dodged            |    21 |    16 ||    37
